 Dungeon Crawl Stone Soup version 0.30-a0-222-ge547ba4400 (webtiles) character file.

Game seed: 18125071072276834059

1428 qw the Chopper (level 8, -1/52 HPs)
             Began as a Gargoyle Fighter on Oct 8, 2022.
             Slain by Duvessa
             ... wielding a +0 short sword
              (9 damage)
             ... on level 5 of the Dungeon.
             The game lasted 00:02:00 (5441 turns).

qw the Chopper (Gargoyle Fighter)                   Turns: 5441, Time: 00:02:01

Health: -1/52      AC: 17    Str: 23    XL:     8   Next: 72%
Magic:  8/8        EV:  6    Int:  8    God:
Gold:   266        SH:  9    Dex:  9    Spells: 7/7 levels left

rFire   . . .      SeeInvis .    Y - +0 war axe
rCold   . . .      Faith    .    j - +0 kite shield
rNeg    + . .      Spirit   .    m - +0 chain mail
rPois   inf        Reflect  .    l - +0 helmet
rElec   +          Harm     .    b - +0 cloak
rCorr   .          Rampage  .    (no gloves)
Will    .....                    (no boots)
Stlth   ..........               (no amulet)
HPRegen 0.28/turn                (no ring)
MPRegen 0.11/turn                (no ring)

@: no status effects
A: sickness immunity, AC +5, negative energy resistance 1, electricity
resistance, torment resistance 1, petrification resistance
a: no special abilities


You were on level 5 of the Dungeon.
You visited 1 branch of the dungeon, and saw 6 of its levels.

You collected 266 gold pieces.


Innate Abilities, Weirdness & Mutations

You are immune to sickness and miasma.
Your stone body is resilient. (AC +5)
You are immune to poison.
You resist negative energy. (rN+)
You are resistant to electric shocks. (rElec)
You are resistant to unholy torment.
You are immune to petrification.


   Skills:
 - Level 6.6 Fighting
 - Level 7.0 Axes
 - Level 3.2 Armour
 - Level 1.3 Dodging
 + Level 6.2 Shields


You had 7 spell levels left.
You didn't know any spells.
Your spell library was empty.

Inventory:

Hand Weapons
 e - a +0 flail
 Y - a +0 war axe (weapon)
Armour
 b - a +0 cloak (worn)
 j - a +0 kite shield (worn)
 l - a +0 helmet (worn)
 m - a +0 chain mail (worn)
Scrolls
 h - 6 scrolls of identify
 k - a scroll of noise {unknown}
Potions
 a - 2 potions of haste
 c - a potion of attraction
 d - a potion of might
 f - 2 potions of cancellation
 g - 3 potions of degeneration {unknown}
 i - 7 potions of curing

Dungeon Overview and Level Annotations

Branches:
Dungeon (6/15)
 Temple: D:4-7

Altars:
Fedhas
Sif Muna
Zin

Annotations:
D:5 Dowan, Duvessa


Message History

You slash Dowan! Duvessa hits you with a +0 short sword!
You block Dowan's attack.
You hit Dowan.
Dowan is severely wounded.
You hit Duvessa. Duvessa hits you with a +0 short sword!
You block Dowan's attack. Duvessa barely misses you.
Dowan hits you but does no damage.
You closely miss Dowan.
Dowan is severely wounded.
You hit Duvessa but do no damage. Duvessa hits you but does no damage.
Dowan casts a spell at you. You resist with some effort.
You miss Dowan.
Dowan is severely wounded.
You closely miss Duvessa. Duvessa hits you but does no damage.
Dowan hits you but does no damage.
You slash Dowan!
Dowan is almost dead.
You closely miss Duvessa. You block Duvessa's attack. You block Dowan's attack.
Duvessa hits you with a +0 short sword! Dowan hits you with a +0 dagger.
You closely miss Dowan.
Dowan is almost dead.
You barely miss Duvessa. Duvessa hits you but does no damage.
Dowan hits you but does no damage.
You barely miss Dowan.
Dowan is almost dead.
You hit Duvessa. Duvessa hits you with a +0 short sword!
Dowan hits you but does no damage.
You closely miss Dowan.
Dowan is almost dead.
You closely miss Duvessa. Duvessa hits you but does no damage.
Dowan hits you but does no damage. Duvessa hits you but does no damage.
Dowan hits you with a +0 dagger.
You closely miss Dowan.
Dowan is almost dead.
You hit Duvessa. Duvessa hits you with a +0 short sword!
You die...

#.#.#.#..#..# #.#
####.#.#.#..#..#.....
#.# ...#.#.#.#..#..#....
#.# ##.#.#.#.#..#..#...#
#.# #.#.#.#.#..#..#...#
#.# #.#.#.#.#..#..#...
#.#
#.#.#.#.####..#..######
#.#
#.#.#.#..%....#ee......
#.#
#.#.#.######..#@########
#.#
#.#.#.#######.#.#......#
#.#
#.#.#.........#.#.####.#
#.# #.#<###########.#.#
#.###.# ##.#.# #.#.#
#...#.# ...#.# #.#.#
###.#.# ####.# #.#.#
#.#.# #.# #|#.# #.#.#
#.###########.#.###
#.#.#


You could see Duvessa (strong) and Dowan.

Vanquished Creatures
  Pikel (D:4)
  Grinder (D:5)
  A water moccasin (D:6)
  A lemure (D:4)
  A phantom (D:4)
  A necrophage (D:5)
  3 scorpions
  A jelly (D:4)
  6 hounds
  2 iguanas (D:5)
  5 adders
  A gnoll (D:4)
  2 ufetubi
  2 worms
  A dart slug (D:3)
  5 orcs (D:5)
  5 ball pythons
  3 endoplasms
  6 giant cockroaches
  9 goblins
  7 hobgoblins
  2 jackals (D:3)
  8 kobolds
  3 quokkas
  13 bats
  4 frilled lizards
  6 rats
100 creatures vanquished.

Vanquished Creatures (others)
  2 fungi (D:1)
  A plant (D:1)
3 creatures vanquished.

Grand Total: 103 creatures vanquished

Notes
Turn   | Place    | Note
-------+----------+-------------------------------------------
     0 | D:1      | qw the Gargoyle Fighter began the quest for the Orb.
     0 | D:1      | Reached XP level 1. HP: 14/14 MP: 1/1
     0 | D:1      | 0 ||| qw: Version: 0.2-a-17-gfa9de96
     0 | D:1      | 0 ||| qw: Game counter: 2004
     0 | D:1      | 0 ||| qw: Always use a shield: true
     0 | D:1      | 0 ||| qw: God list: Okawaru
     0 | D:1      | 0 ||| qw: Allow faded altars: false
     0 | D:1      | 0 ||| qw: Do Orc after D:15 true
     0 | D:1      | 0 ||| qw: Do second Lair branch before Depths: true
     0 | D:1      | 0 ||| qw: Lair rune preference: random
     0 | D:1      | 0 ||| qw: Plans: Normal, Zot:1-4, God:TSO, Crypt, Tomb,
                  | Pan, Slime:5, Hells, Abyss, Orb
     0 | D:1      | 0 ||| PLANNING D:1-11
    56 | D:1      | Reached skill level 2 in Axes
   186 | D:1      | Reached XP level 2. HP: 19/19 MP: 2/2
   225 | D:1      | Found a faded altar of an unknown god.
   363 | D:1      | 363 ||| Stepping ~*~*~tactically~*~*~ (stealth).
   365 | D:1      | 365 ||| Stepping ~*~*~tactically~*~*~ (stealth).
   378 | D:1      | 378 ||| Stepping ~*~*~tactically~*~*~ (stealth).
   507 | D:1      | Reached skill level 3 in Axes
   528 | D:1      | Reached XP level 3. HP: 21/23 MP: 3/3
   538 | D:1      | 538 ||| Stepping ~*~*~tactically~*~*~ (stealth).
   539 | D:1      | 539 ||| Stepping ~*~*~tactically~*~*~ (stealth).
   540 | D:1      | 540 ||| Stepping ~*~*~tactically~*~*~ (stealth).
  1007 | D:1      | 1007 ||| UPGRADING to +0 kite shield.
  1017 | D:1      | 1017 ||| DROPPING +0 buckler.
  1018 | D:1      | 1018 ||| READING scroll labelled RUFASU ZUAXE.
  1019 | D:1      | 1019 ||| READING 4 scrolls labelled LUAMPA GUUSTAS.
  1020 | D:1      | 1020 ||| READING scroll labelled RAAQIK HEJI.
  1021 | D:1      | 1021 ||| READING 3 scrolls of identify.
  1021 | D:1      | 1021 ||| IDENTIFYING golden potion
  1022 | D:1      | 1022 ||| DROPPING potion of brilliance.
  1912 | D:2      | 1912 ||| UPGRADING to +0 helmet.
  1917 | D:2      | 1917 ||| UPGRADING to +0 chain mail.
  1927 | D:2      | 1927 ||| DROPPING +0 scale mail.
  1928 | D:2      | 1928 ||| READING scroll labelled QYTATYSOCE.
  1929 | D:2      | 1929 ||| READING scroll labelled ANLAS NARO.
  1930 | D:2      | 1930 ||| READING scroll labelled LAFOUTT HIGHEF.
  2031 | D:2      | 2031 ||| DRINKING 2 orange potions.
  2032 | D:2      | 2032 ||| READING 5 scrolls of identify.
  2032 | D:2      | 2032 ||| IDENTIFYING blue potion
  2033 | D:2      | 2033 ||| READING 4 scrolls of identify.
  2033 | D:2      | 2033 ||| IDENTIFYING coppery potion
  2150 | D:3      | Reached XP level 4. HP: 25/28 MP: 4/4
  2262 | D:3      | 2262 ||| Stepping ~*~*~tactically~*~*~ (stealth).
  2264 | D:3      | 2264 ||| Stepping ~*~*~tactically~*~*~ (stealth).
  2440 | D:3      | Found a blossoming altar of Fedhas.
  2769 | D:4      | Reached skill level 4 in Axes
  2832 | D:4      | 2832 ||| Stepping ~*~*~tactically~*~*~ (stealth).
  2848 | D:4      | 2848 ||| Stepping ~*~*~tactically~*~*~ (stealth).
  2858 | D:4      | Reached XP level 5. HP: 32/32 MP: 5/5
  2893 | D:4      | 2893 ||| Stepping ~*~*~tactically~*~*~ (stealth).
  2920 | D:4      | 2920 ||| Stepping ~*~*~tactically~*~*~ (hiding).
  2921 | D:4      | 2921 ||| Stepping ~*~*~tactically~*~*~ (hiding).
  3260 | D:4      | Noticed a phantom
  3282 | D:4      | Killed a phantom
  3283 | D:4      | Reached XP level 6. HP: 34/37 MP: 6/6
  3333 | D:4      | You fall into a shaft and drop 2 floors!
  3334 | D:6      | Noticed a water moccasin
  3349 | D:6      | Killed a water moccasin
  3350 | D:6      | Reached skill level 5 in Axes
  3439 | D:6      | 3439 ||| UPGRADING to +0 cloak.
  3444 | D:6      | 3444 ||| READING scroll labelled VYGOZA JAKY.
  3445 | D:6      | 3445 ||| READING 6 scrolls of identify.
  3445 | D:6      | 3445 ||| IDENTIFYING metallic green potion
  3449 | D:6      | 3449 ||| FLEEEEING.
  3449 | D:6      | Noticed a water moccasin
  3450 | D:6      | 3450 ||| STAIRDANCE
  3451 | D:5      | Entered Level 5 of the Dungeon
  3534 | D:4      | Noticed Pikel
  3535 | D:4      | 3535 ||| Stepping ~*~*~tactically~*~*~ (stealth).
  3585 | D:4      | HP: 9/37 [Pikel/+1 whip of flaming (1)]
  3586 | D:4      | HP: 3/37 [Pikel/+1 whip of flaming (2)]
  3589 | D:4      | Killed Pikel
  3590 | D:4      | Reached skill level 6 in Fighting
  3590 | D:4      | Reached XP level 7. HP: 5/47 MP: 7/7
  3634 | D:4      | 3634 ||| FLEEEEING.
  3641 | D:4      | 3641 ||| STAIRDANCE
  3743 | D:3      | 3743 ||| DROPPING +0 whip.
  3841 | D:4      | HP: 11/47 [acid (7)]
  4044 | D:4      | Reached XP level 8. HP: 48/52 MP: 8/8
  4091 | D:4      | 4091 ||| READING scroll labelled YWNOB BEABUHOXED.
  4122 | D:5      | Noticed Grinder
  4123 | D:5      | 4123 ||| Stepping ~*~*~tactically~*~*~ (hiding).
  4124 | D:5      | 4124 ||| Stepping ~*~*~tactically~*~*~ (hiding).
  4135 | D:5      | 4135 ||| FLEEEEING.
  4136 | D:5      | 4136 ||| FLEEEEING.
  4137 | D:5      | 4137 ||| STAIRDANCE
  4161 | D:5      | 4161 ||| Stepping ~*~*~tactically~*~*~ (hiding).
  4162 | D:5      | 4162 ||| Stepping ~*~*~tactically~*~*~ (hiding).
  4163 | D:5      | 4163 ||| Stepping ~*~*~tactically~*~*~ (hiding).
  4165 | D:5      | Paralysed by Grinder for 5 turns
  4171 | D:5      | Paralysed by Grinder for 4 turns
  4186 | D:5      | Killed Grinder
  4187 | D:5      | Reached skill level 6 in Axes
  4393 | D:5      | 4393 ||| Stepping ~*~*~tactically~*~*~ (stealth).
  4404 | D:5      | Reached skill level 6 in Shields
  4421 | D:5      | 4421 ||| DROPPING +1 whip of flaming.
  4474 | D:5      | Reached skill level 1 in Dodging
  5076 | D:5      | Found a glowing silver altar of Zin.
  5083 | D:5      | Found a shimmering blue altar of Sif Muna.
  5150 | D:5      | Reached skill level 7 in Axes
  5425 | D:5      | Noticed Duvessa
  5425 | D:5      | Noticed Dowan
  5426 | D:5      | 5426 ||| Stepping ~*~*~tactically~*~*~ (hiding).
  5439 | D:5      | HP: 8/52 [Duvessa/+0 short sword (11)]
  5441 | D:5      | Slain by Duvessa

Levels and vault maps discovered:
D:1:      erik_arrival_cave_to_civilisation [erik_arrival_cave_to_hall],
          layout_basic, shapermc_ecumenical_altar_rom_forum
D:2:      layout_basic
D:3:      kennysheep_big_flooded_room, layout_basic, overflow_temple_1_default
D:4:      layout_basic, hangedman_feature_mirror, uniq_pikel
D:5:      layout_basic, grunt_temple_overflow_open, uniq_duvessa, uniq_grinder
D:6:      layout_loops_ring, kiku_gazebo_pond_becter

Skill      XL: |  1  2  3  4  5  6  7  8 |
---------------+-------------------------+-----
Axes           | 2 3 4 5 7 |  7.0
Shields        | 4 5 6 |  6.2
Fighting       | 6 |  6.6
Dodging        | 1 |  1.3
Armour         | |  3.2

Action                   |  1- 3 |  4- 6 |  7- 9 || total
-------------------------+-------+-------+-------++-------
Melee: War axe           |   118 |   192 |   121 ||   431
  Use: Scroll            |     9 |     2 |     1 ||    12
       Potion            |     1 |       |       ||     1
Armor: Scale mail        |    54 |       |       ||    54
       Chain mail        |     7 |   133 |    68 ||   208
Dodge: Dodged            |    45 |    65 |    27 ||   137
Block: Buckler           |    14 |       |       ||    14
       Kite shield       |    13 |    95 |    53 ||   161

Table legend:
 A = Non-vault XP
 B = Vault XP
 C = Vault XP percentage of total XP
 D = Non-vault monster count
 E = Vault monster count
 F = Vault count percentage of total count
                 A         B        C        D         E       F
            +---------+---------+-------+---------+---------+-------
      Total |    1098 |     942 |  46.2 |      91 |       8 |   8.1
            +---------+---------+-------+---------+---------+-------
        D:1 |      44 |       2 |   4.3 |      27 |       2 |   6.9
        D:2 |      30 |       0 |   0.0 |      12 |       0 |   0.0
        D:3 |      48 |       4 |   7.7 |      14 |       2 |  12.5
        D:4 |     303 |     687 |  69.4 |      21 |       3 |  12.5
        D:5 |     526 |     249 |  32.1 |      16 |       1 |   5.9
        D:6 |     147 |       0 |   0.0 |       1 |       0 |   0.0
            +---------+---------+-------+---------+---------+-------
